Map: Jagannatha LE

Players

Serral - Winner!

  • Race: Zerg Zerg
  • Spawn Location: 7:00

Stats

  • Race: Protoss Protoss
  • Spawn Location: 1:00

Event: DreamHack SC2 Masters 2020 Winter

VOD

Have the link to the VOD?

Description

Time

  • Played on: Nov. 15, 2020, 11:17 a.m.
  • Length: 11:39

All games in this series

Show
View Real Time Build Order
Export as new Build Order

Serral Zerg - Winner!

Build Orders: Hatch First 

Get SALT Encoding   

  12  0:00  Drone  
  13  0:12  Overlord  
  13  0:17  Drone  
  14  0:31  Drone x2  
  16  0:43  Drone  
  17  0:50  Drone  
  18  0:59  Drone  
  18  1:00  Hatchery  
  18  1:08  Extractor  
  17  1:14  Spawning Pool  
  17  1:17  Drone  
  17  1:21  Drone  
  18  1:28  Drone  
  19  1:39  Drone  
  20  1:49  Overlord  
  20  2:00  Queen  
  22  2:09  Zergling x2  
  22  2:10  Zergling x2  
  22  2:12  Queen  
  22  2:13  Drone, Metabolic Boost  
  27  2:22  Drone  
  28  2:23  Drone  
  29  2:32  Drone  
  29  2:33  Drone  
  31  2:43  Hatchery  
  30  2:46  Drone  
  30  2:49  Queen  
  33  2:54  Overlord  
  33  2:57  Drone  
  34  2:58  Drone  
  35  3:06  Drone  
  36  3:13  Drone x3  
  36  3:14  Drone  
  36  3:17  Overlord  
  40  3:22  Queen  
  40  3:25  Drone  
  44  3:27  Drone  
  43  3:34  Overlord  
  43  3:38  Zergling x2  
  44  3:43  Drone x4  
  44  3:45  Spore Crawler x2  
  46  3:52  Zergling x2  
  47  3:56  Drone x2, Evolution Chamber  
  47  3:58  Queen  
  47  4:00  Queen  
  52  4:06  Drone x3  
  53  4:11  Drone x2  
  53  4:12  Drone  
  53  4:13  Drone  
  53  4:16  Overlord  
  57  4:20  Spore Crawler  
  57  4:21  Zergling x2  
  57  4:23  Zergling x2  
  58  4:29  Zerg Melee Weapons Level 1  
  57  4:37  Drone x5  
  60  4:42  Drone x2  
  62  4:46  Drone x3  
  62  4:48  Drone  
  62  4:49  Drone  
  62  4:52  Baneling Nest  
  66  4:57  Zergling x2  
  66  4:59  Overlord x2  
  67  5:01  Drone  
  67  5:03  Drone  
  67  5:04  Drone  
  70  5:09  Lair  
  70  5:12  Extractor x2  
  70  5:13  Zergling x6  
  70  5:16  Zergling x4  
  72  5:23  Evolution Chamber  
  72  5:24  Zergling x10  
  72  5:27  Evolution Chamber  
  75  5:29  Zergling x6  
  75  5:33  Evolution Chamber  
  77  5:35  Baneling  
  77  5:36  Baneling x4  
  77  5:39  Drone x4  
  77  5:42  Drone  
  81  5:47  Overlord  
  81  5:48  Overlord x2  
  83  5:56  Drone x2  
  81  5:57  Baneling x3  
  81  5:58  Drone, Baneling x2  
  81  6:01  Extractor  
  81  6:05  Extractor  
  81  6:09  Drone x7  
  86  6:19  Zergling x2  
  86  6:20  Hydralisk Den  
  86  6:21  Zergling x4  
  88  6:26  Baneling  
  88  6:27  Baneling  
  88  6:32  Extractor  
  86  6:34  Zergling x6  
  86  6:36  Evolution Chamber x2  
  89  6:40  Zerg Melee Weapons Level 2  
  89  6:41  Drone x4  
  89  6:42  Drone x3  
  89  6:44  Drone  
  94  6:49  Drone  
  94  6:52  Muscular Augments  
  94  6:59  Drone x2  
  94  7:00  Hydralisk x4  
  104  7:05  Pneumatized Carapace  
  104  7:10  Overlord  
  104  7:11  Zerg Missile Weapons Level 1, Overlord x2  
  104  7:14  Hatchery, Hydralisk  
  104  7:24  Overlord, Hydralisk  
  105  7:31  Hydralisk x4  
  105  7:36  Overseer  
  112  7:38  Hydralisk  
  112  7:43  Hydralisk  
  112  7:44  Hydralisk  
  118  7:53  Drone x11  
  118  7:58  Overlord  
  129  8:01  Hydralisk  
  129  8:04  Grooved Spines  
  131  8:09  Hydralisk x2  
  131  8:10  Hydralisk  
  137  8:15  Overlord x3  
  137  8:18  Overlord  
  137  8:23  Hatchery  
  136  8:28  Drone x3  
  136  8:33  Hydralisk  
  136  8:34  Zergling x2, Hydralisk x2  
  139  8:35  Zergling x10  
  139  8:36  Centrifical Hooks  
  151  8:42  Drone  
  151  8:47  Infestation Pit  
  151  8:48  Overlord  
  151  8:50  Zergling x16  
  159  8:57  Zergling x6  
  161  9:09  Drone  
  162  9:10  Drone  
  162  9:12  Drone x2  
  162  9:15  Zergling x10  
  162  9:16  Zerg Missile Weapons Level 2  
  167  9:17  Baneling x10  
  167  9:20  Baneling x3  
  167  9:21  Overlord  
  167  9:23  Hydralisk x4  
  173  9:24  Zergling x2  
  173  9:25  Overseer  
  173  9:30  Extractor  
  175  9:31  Drone  
  175  9:33  Zergling x6  
  175  9:35  Hive  
  175  9:37  Spire  
  178  9:42  Zergling x14  
  185  9:50  Baneling x9  
  185  9:54  Zergling x12  
  185  9:55  Zergling x6  
  186  10:04  Overlord x2  
  186  10:05  Zergling x10  
  185  10:08  Baneling x6  
  185  10:09  Baneling x2  
  183  10:17  Zergling x26  
  193  10:27  Zergling x2  
  193  10:28  Zergling x10  
  177  10:33  Zergling x8  
  174  10:41  Zergling x12  
  174  10:42  Zergling x8  
  179  10:45  Baneling  
  179  10:46  Baneling x20  
  175  10:53  Zergling x14  
  175  10:56  Baneling x8  
  182  10:59  Zergling x6  
  161  11:12  Hydralisk x3  
  161  11:13  Zergling x14  
  164  11:25  Extractor x2  
  160  11:26  Drone x2  
  160  11:27  Drone x4  
Show
View Real Time Build Order
Export as new Build Order

Stats Protoss 

Build Orders: 1 Gate Expand, Oracle Opening, Zealot Archon 

Get SALT Encoding   

  12  0:00  Probe  
  13  0:14  Pylon  
  13  0:18  Probe (Chrono Boost)  
  14  0:26  Probe (Chrono Boost)  
  15  0:32  Probe  
  16  0:42  Gateway  
  16  0:44  Probe  
  16  0:48  Assimilator  
  17  0:56  Probe  
  18  1:08  Probe  
  19  1:21  Probe  
  20  1:27  Nexus  
  20  1:37  Cybernetics Core  
  20  1:39  Probe  
  21  1:45  Assimilator  
  21  1:51  Probe  
  22  1:54  Pylon  
  22  2:03  Probe  
  23  2:10  Adept (Chrono Boost)  
  25  2:15  Probe  
  25  2:19  Stargate  
  26  2:27  Warp Gate, Probe  
  27  2:36  Stalker  
  29  2:40  Probe (Chrono Boost)  
  29  2:42  Probe (Chrono Boost)  
  33  2:51  Probe x2 (Chrono Boost)  
  33  2:56  Probe x2 (Chrono Boost)  
  33  3:04  Oracle (Chrono Boost)  
  35  3:08  Probe  
  35  3:09  Probe  
  35  3:10  Adept  
  42  3:15  Pylon  
  42  3:22  Probe  
  42  3:24  Gateway  
  42  3:25  Probe  
  44  3:33  Twilight Council  
  44  3:36  Probe  
  44  3:37  Probe  
  46  3:46  Gateway  
  46  3:48  Gateway  
  46  3:53  Probe  
  46  3:54  Probe  
  48  3:58  Pylon  
  48  4:06  Probe x2  
  48  4:07  Resonating Glaives (Chrono Boost)  
  47  4:19  Adept x2  
  51  4:32  Nexus  
  51  4:33  Pylon  
  51  4:35  Probe  
  51  4:36  Probe  
  49  4:41  Adept x2  
  49  4:42  Adept x2  
  57  4:49  Pylon, Probe x2  
  57  4:51  Assimilator  
  59  4:53  Assimilator  
  59  5:02  Adept x2  
  59  5:03  Adept x2  
  67  5:11  Probe  
  67  5:12  Probe  
  69  5:23  Shield Battery  
  69  5:24  Adept x4  
  77  5:30  Probe  
  78  5:44  Probe  
  78  5:47  Probe x2 (Chrono Boost)  
  81  5:56  Probe (Chrono Boost)  
  74  5:58  Forge  
  74  5:59  Probe x2 (Chrono Boost)  
  74  6:00  Templar Archives  
  74  6:01  Robotics Facility  
  74  6:03  Assimilator  
  76  6:05  Assimilator, Probe (Chrono Boost)  
  76  6:07  Probe x2 (Chrono Boost)  
  76  6:10  Probe (Chrono Boost)  
  79  6:13  Probe  
  79  6:15  Probe  
  82  6:22  Probe  
  82  6:25  Gateway  
  83  6:26  Gateway, Pylon, Probe  
  83  6:28  Probe  
  85  6:34  Protoss Ground Weapons Level 1, Probe  
  85  6:38  Probe  
  83  6:47  Charge  
  83  6:48  Gateway  
  83  6:49  High Templar x4, Gateway  
  83  6:50  Warp Prism (Chrono Boost)  
  93  6:54  Archon x2  
  93  6:56  Photon Cannon  
  93  6:57  Shield Battery, Probe x3  
  93  7:00  Gateway  
  96  7:01  Pylon  
  96  7:03  Pylon  
  96  7:10  Pylon  
  96  7:12  Pylon  
  96  7:21  Psionic Storm  
  96  7:24  Nexus  
  96  7:28  Pylon  
  96  7:31  Pylon  
  96  7:33  High Templar x4  
  96  7:34  Zealot x2  
  108  7:40  Photon Cannon  
  108  7:48  Observer  
  109  7:51  Shield Battery  
  109  7:55  High Templar x2, Shield Battery  
  109  7:57  Photon Cannon  
  113  7:59  Photon Cannon  
  113  8:03  Zealot x3  
  113  8:04  Photon Cannon  
  119  8:08  Stalker  
  119  8:09  Photon Cannon, Stalker  
  123  8:15  Probe x2  
  123  8:16  Probe  
  123  8:17  Assimilator  
  126  8:21  Assimilator  
  126  8:27  Probe  
  126  8:28  Probe x2  
  129  8:41  Fleet Beacon  
  129  8:42  Stargate  
  129  8:44  Photon Cannon  
  129  8:45  Photon Cannon, Stargate  
  129  8:46  Photon Cannon  
  129  8:54  Probe x4  
  133  8:56  Photon Cannon  
  129  9:11  High Templar x3  
  129  9:12  High Templar  
  129  9:14  Zealot x5  
  147  9:19  Photon Cannon  
  147  9:20  Photon Cannon, Archon x2  
  147  9:39  Pylon  
  147  9:40  Carrier (Chrono Boost), Protoss Air Weapons Level 1  
  147  9:41  Pylon  
  147  9:44  Carrier (Chrono Boost)  
  159  9:59  Carrier (Chrono Boost)  
  159  10:05  Zealot x4  
  137  10:15  Probe x2  
  137  10:16  Probe x2  
  139  10:27  Probe  
  139  10:28  Probe x3  
  107  10:38  Zealot x7  
  116  10:49  Assimilator, Probe x3  
  129  11:01  Probe x3  
  138  11:05  Probe  
  138  11:10  Archon  
  122  11:18  Zealot x4  
  96  11:27  Zealot x2  
Tags
 
Add a new tag
Caveats
  • Supply blocks, unpowered buildings, or Contaminate may cause inaccurate times.
  • Supply counts are checked every 10 seconds.